Carnivores vs Blackdemons (R2)

Created - 16 mars 2013 at 21:45

Goals
1 2 3 T
Carnivores 1 0 1 2
Blackdemons 0 1 0 1
Shots
1 2 3 T
Carnivores 11 6 13 30
Blackdemons 12 20 4 36

1st period

1. Carnivores , Jeff Tambellini 21 (Mikael Backlund) at 7:34

Penalties :
Sam Gagner (MJM) for Tripping (Minor) at 13:17, Sam Gagner (MJM) for Roughing (Minor) at 19:14

2nd period

2. Blackdemons , Steve Konowalchuk 10 (Nathan Paetsch, Raphael Diaz) at 8:51

Penalties :
Mikael Backlund (Bre) for Tripping (Minor) at 9:40, Raphael Diaz (MJM) for Interference (Minor) at 15:47

3rd period

3. Carnivores , Andy Miele 17 (Matt Cullen) at 1:14 (PP)

Penalties :
Raphael Diaz (MJM) for Holding (Minor) at 0:07, Barry Tallackson (MJM) for High sticking (Minor) at 1:29, Jeff Tambellini (Bre) for Tripping (Minor) at 7:50, Keith Aulie (Bre) for Holding (Minor) at 11:47, Maxime Macenauer (MJM) for Hooking (Minor) at 19:29, Michael Peca (MJM) for Roughing (Minor) at 19:34

Goalie Stats

Steve Mason (Bre), 35 saves from 36 shots - (0,972), W, 6-5-3, 60:00 minutes
Michal Neuvirth (MJM), 28 saves from 30 shots - (0,933), L, 15-15-3, 59:36 minutes

Players Stats for Carnivores

Player Name              G  A  P  +/- PIM S  H  SB GA TA FO     MP     PP MP  PK MP  
------------------------------------------------------------------------------------
Alexei Zhitnik           0  0  0   1  0   3  3  2  1  1  0/0    27:29   6:18   2:59 
Andrew Ference           0  0  0  -1  0   0  1  0  0  1  0/0    19:38   3:15   2:58 
Andy Miele               1  0  1  -1  0   2  2  0  1  1  1/1    20:27   5:45   1:03 
Blake Geoffrion          0  0  0  -1  0   1  4  1  0  0  1/3    18:40   5:42   0:00 
Bobby Sanguinetti        0  0  0   0  0   0  1  1  0  0  0/0    17:53   3:15   0:00 
Brian Strait             0  0  0   0  0   0  0  0  0  0  0/0     0:00   0:00   0:00 
Cal O'Reilly             0  0  0   0  0   2  1  0  1  0  2/5     7:39   0:00   0:00 
Chris Lawrence           0  0  0   0  0   0  0  0  0  0  0/0     7:58   0:15   0:00 
David Van Der Gulik      0  0  0   0  0   2  1  0  1  0  0/0    10:40   0:18   0:00 
Evgeny Dadonov           0  0  0   1  0   3  0  1  0  0  0/0    15:47   3:33   0:00 
Janne Niinimaa           0  0  0   0  0   0  0  0  0  0  0/0     0:10   0:00   0:00 
Jeff Friesen             0  0  0   0  0   4  3  1  0  0  0/0    14:01   0:15   3:11 
Jeff Tambellini          1  0  1   1  2   6  1  2  1  0  0/0    18:43   3:33   1:52 
Jeremy Welsh             0  0  0   0  0   0  1  0  0  0  0/0     7:39   0:00   0:00 
Josef Melichar           0  0  0   0  0   0  1  4  0  1  0/0    16:08   0:00   2:59 
Keith Aulie              0  0  0   1  2   1  4  2  0  1  0/0    25:02   6:18   0:00 
Manny Malhotra           0  0  0   0  0   2  0  0  0  0  2/7    13:13   0:00   2:54 
Matt Cullen              0  1  1  -1  0   2  3  1  0  1  14/33  22:53   5:45   2:54 
Mikael Backlund          0  1  1   1  2   0  1  0  0  0  9/14   16:21   3:33   0:00 
Phil Oreskovic           0  0  0  -1  0   2  1  1  0  0  0/0    13:39   0:00   2:58 

Players Stats for Blackdemons

Player Name              G  A  P  +/- PIM S  H  SB GA TA FO     MP     PP MP  PK MP  
------------------------------------------------------------------------------------
Barry Tallackson         0  0  0   0  2   2  3  0  1  0  0/0    15:21   2:43   0:00 
Curtis Brown             0  0  0   0  0   4  2  2  0  0  5/9    13:06   0:15   4:24 
Curtis Glencross         0  0  0   0  0   3  1  0  0  0  2/2    16:37   2:48   0:40 
Enver Lisin              0  0  0   1  0   2  2  0  1  0  0/2    14:38   3:02   0:00 
Frazer Mclaren           0  0  0   0  0   0  1  0  0  0  0/0     7:20   0:00   0:09 
Jakub Kindl              0  0  0  -1  0   3  1  2  0  0  0/0    20:11   0:07   4:56 
Karl Alzner              0  0  0  -1  0   1  1  1  0  0  0/0    19:03   0:00   4:37 
Maxime Macenauer         0  0  0   0  2   0  1  0  0  0  1/1     7:57   0:00   0:00 
Michael Peca             0  0  0  -1  2   4  0  1  0  0  8/16   16:06   0:00   4:23 
Nathan Paetsch           0  1  1   1  0   3  0  1  0  1  0/0    24:19   2:57   4:37 
Nikita Nikitin           0  0  0   0  0   0  0  2  1  0  0/0    15:37   3:00   0:00 
Radoslav Suchy           0  0  0   0  0   0  3  0  1  2  0/0    20:58   3:00   4:56 
Raphael Diaz             0  1  1   1  4   3  1  2  1  0  0/0    20:04   2:57   0:00 
Sam Gagner               0  0  0   1  4   2  2  1  0  0  12/16  14:53   2:59   0:05 
Steve Konowalchuk        1  0  1   1  0   6  0  2  1  1  0/0    16:18   0:00   4:24 
Todd Fedoruk             0  0  0  -1  0   2  1  0  0  0  0/0    15:37   2:59   0:11 
Tomas Kopecky            0  0  0  -1  0   1  4  0  0  1  0/0    16:41   0:15   4:24 
Zack Hamill              0  0  0   0  0   0  0  0  0  0  6/17   15:09   2:43   0:00 

3 Stars

1 - Steve Mason (Bre)
2 - Steve Konowalchuk (MJM)
3 - Jeff Tambellini (Bre)

Power Play

Carnivores - 1 on 7 Attempt(s) - 14,29%
Blackdemons - 0 on 3 Attempt(s) - 0,00%

Penalty Kill

Carnivores - 3 on 3 Attempt(s) - 100,00% - Score 0 goal in Penalty Kill
Blackdemons - 6 on 7 Attempt(s) - 85,71% - Score 0 goal in Penalty Kill

Official

Referees : Martell Rob and O'Rourke Dan
Linesman : Bryan Pancich and Andy McElman

Game Notes

No Game Note

Carnivores

5 vs 5 Forward 
   Center                   Left Wing                Right Wing               Time % Phy DF OF 
 1 Matt Cullen              Blake Geoffrion          Andy Miele               40     1   1  3  
 2 Mikael Backlund          Jeff Tambellini          Evgeny Dadonov           30     1   1  3  
 3 Manny Malhotra           Jeff Friesen             David Van Der Gulik      20     1   2  2  
 4 Cal O'Reilly             Jeremy Welsh             Chris Lawrence           10     1   2  2  

5 vs 5 Defense 
   Defense                  Defense                                           Time % Phy DF OF 
 1 Alexei Zhitnik           Keith Aulie                                       40     1   2  2  
 2 Josef Melichar           Bobby Sanguinetti                                 30     1   2  2  
 3 Andrew Ference           Phil Oreskovic                                    20     1   2  2  
 4 Alexei Zhitnik           Keith Aulie                                       10     0   2  3  

PowerPlay Forward 
   Center                   Left Wing                Right Wing               Time % Phy DF OF 
 1 Matt Cullen              Blake Geoffrion          Andy Miele               60     0   1  4  
 2 Mikael Backlund          Jeff Tambellini          Evgeny Dadonov           40     0   1  4  

PowerPlay Defense
   Defense                  Defense                                           Time % Phy DF OF 
 1 Alexei Zhitnik           Keith Aulie                                       60     0   2  3  
 2 Bobby Sanguinetti        Andrew Ference                                    40     0   2  3  

Penalty Kill 4 Players Forward 
   Center                   Wing                     Time % Phy DF OF 
 1 Matt Cullen              Jeff Tambellini          50     1   3  1  
 2 Manny Malhotra           Jeff Friesen             50     1   3  1  

Penalty Kill 4 Players Defense
   Defense                  Defense                  Time % Phy DF OF 
 1 Phil Oreskovic           Andrew Ference           50     1   3  1  
 2 Alexei Zhitnik           Josef Melichar           50     1   3  1  

Penalty Kill - 3 Players Forward 
   Forward                                           Time % Phy DF OF 
 1 Matt Cullen                                       50     1   3  1  
 2 Jeff Tambellini                                   50     1   3  1  

Penalty Kill - 3 Players Defense
   Defense                  Defense                  Time % Phy DF OF 
 1 Alexei Zhitnik           Andrew Ference           50     1   3  1  
 2 Phil Oreskovic           Josef Melichar           50     1   3  1  

4 vs 4 Forward 
   Center                   Wing                     Time % Phy DF OF 
 1 Matt Cullen              Evgeny Dadonov           50     1   1  3  
 2 Mikael Backlund          Andy Miele               50     1   1  3  

4 vs 4 Defense
   Defense                  Defense                  Time % Phy DF OF 
 1 Andrew Ference           Keith Aulie              50     1   2  2  
 2 Alexei Zhitnik           Bobby Sanguinetti        50     1   2  2  

Last Minutes Offensive
   Center                   Left Wing                Right Wing               Defense                  Defense                  
   Matt Cullen              Jeff Tambellini          Andy Miele               Andrew Ference           Keith Aulie              

Last Minutes Defensive
   Center                   Left Wing                Right Wing               Defense                  Defense                  
   Matt Cullen              Jeff Tambellini          Andy Miele               Andrew Ference           Keith Aulie              

Goaltenders
Starting : Steve Mason              
Backup : Josh Tordjman            

Extra Forwards
Normal : Jeff Friesen, David Van Der Gulik, Matt Cullen - PP : David Van Der Gulik, Jeff Friesen - PK : Andy Miele
Extra Defensemen
Normal : Josef Melichar, Andrew Ference, Alexei Zhitnik - PP : Josef Melichar - PK : Keith Aulie, Bobby Sanguinetti
Penalty Shots
Matt Cullen, Jeff Tambellini, Andy Miele, Jeff Friesen, Evgeny Dadonov

Blackdemons

5 vs 5 Forward 
   Center                   Left Wing                Right Wing               Time % Phy DF OF 
 1 Michael Peca             Todd Fedoruk             Tomas Kopecky            30     1   2  2  
 2 Sam Gagner               Steve Konowalchuk        Enver Lisin              30     1   2  2  
 3 Zack Hamill              Curtis Glencross         Barry Tallackson         30     1   2  2  
 4 Curtis Brown             Frazer Mclaren           Maxime Macenauer         10     1   2  2  

5 vs 5 Defense 
   Defense                  Defense                                           Time % Phy DF OF 
 1 Raphael Diaz             Nathan Paetsch                                    40     1   3  1  
 2 Radoslav Suchy           Nikita Nikitin                                    30     1   3  1  
 3 Karl Alzner              Jakub Kindl                                       30     1   3  1  
 4 Karl Alzner              Jakub Kindl                                       0      1   3  1  

PowerPlay Forward 
   Center                   Left Wing                Right Wing               Time % Phy DF OF 
 1 Sam Gagner               Todd Fedoruk             Enver Lisin              50     0   1  4  
 2 Zack Hamill              Curtis Glencross         Barry Tallackson         50     2   1  2  

PowerPlay Defense
   Defense                  Defense                                           Time % Phy DF OF 
 1 Radoslav Suchy           Nikita Nikitin                                    50     1   2  2  
 2 Raphael Diaz             Nathan Paetsch                                    50     1   2  2  

Penalty Kill 4 Players Forward 
   Center                   Wing                     Time % Phy DF OF 
 1 Curtis Brown             Steve Konowalchuk        50     1   3  1  
 2 Michael Peca             Tomas Kopecky            50     1   3  1  

Penalty Kill 4 Players Defense
   Defense                  Defense                  Time % Phy DF OF 
 1 Radoslav Suchy           Jakub Kindl              50     1   3  1  
 2 Karl Alzner              Nathan Paetsch           50     1   3  1  

Penalty Kill - 3 Players Forward 
   Forward                                           Time % Phy DF OF 
 1 Michael Peca                                      60     0   5  0  
 2 Steve Konowalchuk                                 40     0   5  0  

Penalty Kill - 3 Players Defense
   Defense                  Defense                  Time % Phy DF OF 
 1 Radoslav Suchy           Jakub Kindl              50     1   4  0  
 2 Karl Alzner              Nathan Paetsch           50     1   4  0  

4 vs 4 Forward 
   Center                   Wing                     Time % Phy DF OF 
 1 Curtis Brown             Steve Konowalchuk        50     1   3  1  
 2 Michael Peca             Tomas Kopecky            50     1   3  1  

4 vs 4 Defense
   Defense                  Defense                  Time % Phy DF OF 
 1 Radoslav Suchy           Jakub Kindl              50     1   3  1  
 2 Raphael Diaz             Nathan Paetsch           50     1   3  1  

Last Minutes Offensive
   Center                   Left Wing                Right Wing               Defense                  Defense                  
   Curtis Brown             Todd Fedoruk             Enver Lisin              Radoslav Suchy           Nathan Paetsch           

Last Minutes Defensive
   Center                   Left Wing                Right Wing               Defense                  Defense                  
   Michael Peca             Steve Konowalchuk        Tomas Kopecky            Radoslav Suchy           Nathan Paetsch           

Goaltenders
Starting : Michal Neuvirth          
Backup : Manny Fernandez          

Extra Forwards
Normal : Sam Gagner, Zack Hamill, Todd Fedoruk - PP : Tomas Kopecky, Curtis Brown - PK : Curtis Glencross
Extra Defensemen
Normal : Raphael Diaz, Nikita Nikitin, Karl Alzner - PP : Karl Alzner - PK : Raphael Diaz, Nikita Nikitin
Penalty Shots
Enver Lisin, Curtis Glencross, Todd Fedoruk, Curtis Brown, Barry Tallackson

% Time on Ice - Carnivores

Lines # - Real PCT - Wanted PCT - Time Play
Normal Forward
1 - 31% - 40% - 13:37
2 - 28% - 30% - 12:15
3 - 24% - 20% - 10:18
4 - 17% - 10% - 7:39
Normal Defense
1 - 39% - 40% - 17:18
2 - 34% - 30% - 15:04
3 - 23% - 20% - 10:06
4 - 3% - 10% - 1:21
PP Forward
1 - 63% - 60% - 6:00
2 - 37% - 40% - 3:33
PP Defense
1 - 66% - 60% - 6:18
2 - 34% - 40% - 3:15
PK Forward
1 - 51% - 50% - 3:03
2 - 49% - 50% - 2:54
PK Defense
1 - 50% - 50% - 2:58
2 - 50% - 50% - 2:59
PK3 Forward
1 - 0% - 50%
2 - 0% - 50%
PK3 Defense
1 - 0% - 50%
2 - 0% - 50%
44 Forward
1 - 0% - 50%
2 - 0% - 50%
44 Defense
1 - 0% - 50%
2 - 0% - 50%
Last Minute Offensive  - 0:00
Last Minute Defensive  - 0:41
Total
Forward - 60:00
Defense - 60:00

% Time on Ice - Blackdemons

Lines # - Real PCT - Wanted PCT - Time Play
Normal Forward
1 - 27% - 30% - 11:54
2 - 31% - 30% - 13:26
3 - 26% - 30% - 11:17
4 - 16% - 10% - 7:11
Normal Defense
1 - 39% - 40% - 16:59
2 - 30% - 30% - 13:04
3 - 31% - 30% - 13:45
4 - 0% - 0% - 0:00
PP Forward
1 - 51% - 50% - 3:02
2 - 49% - 50% - 2:55
PP Defense
1 - 50% - 50% - 3:00
2 - 50% - 50% - 2:57
PK Forward
1 - 50% - 50% - 4:33
2 - 50% - 50% - 4:35
PK Defense
1 - 49% - 50% - 4:31
2 - 51% - 50% - 4:37
PK3 Forward
1 - 100% - 60% - 0:25
2 - 0% - 40% - 0:00
PK3 Defense
1 - 100% - 50% - 0:25
2 - 0% - 50% - 0:00
44 Forward
1 - 0% - 50%
2 - 0% - 50%
44 Defense
1 - 0% - 50%
2 - 0% - 50%
Last Minute Offensive  - 0:42
Last Minute Defensive  - 0:00
Total
Forward - 60:00
Defense - 60:00

Play by Play

1st period


0:01 of 1st period - Matt Cullen wins face-off versus Michael Peca in neutral zone.
0:26 of 1st period - Alexei Zhitnik is hit by Sam Gagner and loses puck.
0:51 of 1st period - Wrist shot by Curtis Glencross.
0:51 of 1st period - Shot Blocked by Bobby Sanguinetti.
1:07 of 1st period - Slapshot by Jakub Kindl.
1:07 of 1st period - Stopped by Steve Mason without a rebound.
1:08 of 1st period - Curtis Brown wins face-off versus Cal O'Reilly in Carnivores zone.
1:21 of 1st period - Snap shot by Curtis Brown.
1:21 of 1st period - Stopped by Steve Mason with a rebound.
1:23 of 1st period - Slapshot by Nikita Nikitin.
1:23 of 1st period - Shot Blocked by Phil Oreskovic.
1:47 of 1st period - Icing by Radoslav Suchy.
1:48 of 1st period - Sam Gagner wins face-off versus Mikael Backlund in Blackdemons zone.
1:48 of 1st period - Sam Gagner is hit by Mikael Backlund.
1:54 of 1st period - Radoslav Suchy is hit by Keith Aulie and loses puck.
2:05 of 1st period - Slapshot by Nikita Nikitin.
2:05 of 1st period - Shot Blocked by Keith Aulie.
2:07 of 1st period - Snap shot by Nikita Nikitin.
2:07 of 1st period - Shot Blocked by Jeff Tambellini.
2:12 of 1st period - Snap shot by Steve Konowalchuk.
2:12 of 1st period - Stopped by Steve Mason without a rebound.
2:13 of 1st period - Matt Cullen wins face-off versus Zack Hamill in Carnivores zone.
2:47 of 1st period - Snap shot by Todd Fedoruk.
2:47 of 1st period - Shot Blocked by Josef Melichar.
3:13 of 1st period - Snap shot by Jeff Friesen.
3:13 of 1st period - Shot Misses the Net.
3:17 of 1st period - Slapshot by Jeff Friesen.
3:17 of 1st period - Shot Misses the Net.
3:31 of 1st period - Slapshot by Jeff Friesen.
3:31 of 1st period - Shot Misses the Net.
3:33 of 1st period - Slapshot by Josef Melichar.
3:33 of 1st period - Shot Blocked by Steve Konowalchuk.
3:35 of 1st period - Slapshot by Jeff Friesen.
3:35 of 1st period - Stopped by Michal Neuvirth with a rebound.
3:45 of 1st period - Snap shot by David Van Der Gulik.
3:45 of 1st period - Shot Blocked by Steve Konowalchuk.
3:49 of 1st period - Slapshot by David Van Der Gulik.
3:49 of 1st period - Stopped by Michal Neuvirth without a rebound.
3:50 of 1st period - Zack Hamill wins face-off versus Matt Cullen in Blackdemons zone.
4:15 of 1st period - Keith Aulie is hit by Raphael Diaz and loses puck.
4:39 of 1st period - Radoslav Suchy is hit by Phil Oreskovic and loses puck.
4:54 of 1st period - Nathan Paetsch is hit by Matt Cullen.
5:14 of 1st period - Tomas Kopecky is hit by Jeff Tambellini and loses puck.
5:27 of 1st period - Karl Alzner is hit by Matt Cullen.
5:48 of 1st period - Slapshot by Steve Konowalchuk.
5:48 of 1st period - Deflect By Enver Lisin.
5:48 of 1st period - Shot Misses the Net.
5:48 of 1st period - Puck is out of play.
5:49 of 1st period - Mikael Backlund wins face-off versus Sam Gagner in Carnivores zone.
6:25 of 1st period - Snap shot by Barry Tallackson.
6:25 of 1st period - Shot Misses the Net.
6:37 of 1st period - Snap shot by Jeff Friesen.
6:37 of 1st period - Deflect By Manny Malhotra.
6:37 of 1st period - Stopped by Michal Neuvirth with a rebound.
6:57 of 1st period - Slapshot by Curtis Brown.
6:57 of 1st period - Deflect By Frazer Mclaren.
6:57 of 1st period - Deflect By Bobby Sanguinetti.
6:57 of 1st period - Shot Hit the Post.
6:57 of 1st period - Puck is out of play.
6:58 of 1st period - Curtis Brown wins face-off versus Cal O'Reilly in Carnivores zone.
6:59 of 1st period - Slapshot by Jakub Kindl.
6:59 of 1st period - Stopped by Steve Mason with a rebound.
7:05 of 1st period - Wrist shot by Curtis Brown.
7:05 of 1st period - Stopped by Steve Mason without a rebound.
7:06 of 1st period - Andy Miele wins face-off versus Zack Hamill in Carnivores zone.
7:06 of 1st period - Andy Miele is hit by Barry Tallackson.
7:14 of 1st period - Slapshot by Andy Miele.
7:14 of 1st period - Stopped by Michal Neuvirth without a rebound.
7:15 of 1st period - Zack Hamill wins face-off versus Matt Cullen in Blackdemons zone.
7:20 of 1st period - Wrist shot by Curtis Glencross.
7:20 of 1st period - Stopped by Steve Mason with a rebound.
7:30 of 1st period - Wrist shot by Andy Miele.
7:30 of 1st period - Shot Misses the Net.
7:32 of 1st period - Slapshot by Keith Aulie.
7:32 of 1st period - Stopped by Michal Neuvirth without a rebound.
7:33 of 1st period - Mikael Backlund wins face-off versus Michael Peca in Blackdemons zone.
7:34 of 1st period - Backhand shot by Jeff Tambellini.
7:34 of 1st period - Goal by Jeff Tambellini - Carnivores : 1 - Blackdemons : 0.
7:35 of 1st period - Mikael Backlund wins face-off versus Michael Peca in neutral zone.
7:42 of 1st period - Wrist shot by Evgeny Dadonov.
7:42 of 1st period - Deflect By Nathan Paetsch.
7:42 of 1st period - Stopped by Michal Neuvirth without a rebound.
7:43 of 1st period - Michael Peca wins face-off versus Mikael Backlund in Blackdemons zone.
7:59 of 1st period - Snap shot by Tomas Kopecky.
7:59 of 1st period - Shot Blocked by Jeff Tambellini.
8:01 of 1st period - Slapshot by Nathan Paetsch.
8:01 of 1st period - Shot Misses the Net.
8:03 of 1st period - Slapshot by Nathan Paetsch.
8:03 of 1st period - Stopped by Steve Mason without a rebound.
8:04 of 1st period - Zack Hamill wins face-off versus Matt Cullen in Carnivores zone.
8:29 of 1st period - Andrew Ference is hit by Tomas Kopecky and loses puck.
9:00 of 1st period - Wrist shot by Jeff Friesen.
9:00 of 1st period - Stopped by Michal Neuvirth with a rebound.
10:14 of 1st period - Snap shot by Steve Konowalchuk.
10:14 of 1st period - Shot Misses the Net.
10:16 of 1st period - Slapshot by Enver Lisin.
10:16 of 1st period - Shot Misses the Net.
10:18 of 1st period - Snap shot by Enver Lisin.
10:18 of 1st period - Stopped by Steve Mason with a rebound.
10:20 of 1st period - Slapshot by Radoslav Suchy.
10:20 of 1st period - Deflect By Enver Lisin.
10:20 of 1st period - Shot Blocked by Josef Melichar.
10:20 of 1st period - Puck is out of play.
10:21 of 1st period - Matt Cullen wins face-off versus Zack Hamill in Carnivores zone.
10:29 of 1st period - Jakub Kindl is hit by Alexei Zhitnik and loses puck.
11:50 of 1st period - Wrist shot by Barry Tallackson.
11:50 of 1st period - Stopped by Steve Mason with a rebound.
11:52 of 1st period - Wrist shot by Curtis Glencross.
11:52 of 1st period - Deflect By Josef Melichar.
11:52 of 1st period - Shot Hit the Post.
11:52 of 1st period - Puck is out of play.
11:53 of 1st period - Mikael Backlund wins face-off versus Zack Hamill in Carnivores zone.
12:10 of 1st period - Wrist shot by Barry Tallackson.
12:10 of 1st period - Shot Blocked by Evgeny Dadonov.
12:34 of 1st period - Nikita Nikitin is hit by Alexei Zhitnik and loses puck.
12:51 of 1st period - Snap shot by Jeff Tambellini.
12:51 of 1st period - Stopped by Michal Neuvirth without a rebound.
12:52 of 1st period - Michael Peca wins face-off versus Matt Cullen in Blackdemons zone.
12:59 of 1st period - Snap shot by Michael Peca.
12:59 of 1st period - Stopped by Steve Mason with a rebound.
13:01 of 1st period - Snap shot by Nathan Paetsch.
13:01 of 1st period - Shot Misses the Net.
13:03 of 1st period - Snap shot by Nathan Paetsch.
13:03 of 1st period - Stopped by Steve Mason with a rebound.
13:17 of 1st period - Minor Penalty to Sam Gagner for Tripping.
13:18 of 1st period - Matt Cullen wins face-off versus Curtis Brown in Blackdemons zone.
14:08 of 1st period - Icing by Andrew Ference.
14:09 of 1st period - Matt Cullen wins face-off versus Curtis Brown in Carnivores zone.
14:22 of 1st period - Backhand shot by Jeff Tambellini.
14:22 of 1st period - Deflect By Evgeny Dadonov.
14:22 of 1st period - Stopped by Michal Neuvirth with a rebound.
14:24 of 1st period - Slapshot by Bobby Sanguinetti.
14:24 of 1st period - Shot Misses the Net.
15:17 of 1st period - Penalty to Sam Gagner is over, Sam Gagner is back on ice.
15:26 of 1st period - David Van Der Gulik is hit by Radoslav Suchy and loses puck.
16:16 of 1st period - Nathan Paetsch is hit by Jeff Friesen and loses puck.
16:24 of 1st period - Icing by Nathan Paetsch.
16:25 of 1st period - Matt Cullen wins face-off versus Zack Hamill in Blackdemons zone.
16:30 of 1st period - Snap shot by Matt Cullen.
16:30 of 1st period - Stopped by Michal Neuvirth with a rebound.
16:58 of 1st period - Karl Alzner is hit by Blake Geoffrion.
17:06 of 1st period - Off-side.
17:07 of 1st period - Michael Peca wins face-off versus Mikael Backlund in neutral zone.
18:53 of 1st period - Snap shot by Tomas Kopecky.
18:53 of 1st period - Shot Misses the Net.
18:55 of 1st period - Snap shot by Todd Fedoruk.
18:55 of 1st period - Stopped by Steve Mason without a rebound.
18:56 of 1st period - Sam Gagner wins face-off versus Matt Cullen in Carnivores zone.
19:14 of 1st period - Minor Penalty to Sam Gagner for Roughing.
19:15 of 1st period - Curtis Brown wins face-off versus Matt Cullen in Blackdemons zone.
19:30 of 1st period - Snap shot by Andy Miele.
19:30 of 1st period - Shot Blocked by Curtis Brown.

2nd period


0:01 of 2nd period - Michael Peca wins face-off versus Matt Cullen in neutral zone.
0:12 of 2nd period - Snap shot by Alexei Zhitnik.
0:12 of 2nd period - Shot Misses the Net.
0:14 of 2nd period - Wrist shot by Blake Geoffrion.
0:14 of 2nd period - Shot Misses the Net.
0:16 of 2nd period - Wrist shot by Andy Miele.
0:16 of 2nd period - Shot Misses the Net.
1:14 of 2nd period - Penalty to Sam Gagner is over, Sam Gagner is back on ice.
1:22 of 2nd period - Slapshot by Jeff Friesen.
1:22 of 2nd period - Stopped by Michal Neuvirth without a rebound.
1:23 of 2nd period - Zack Hamill wins face-off versus Manny Malhotra in Blackdemons zone.
1:23 of 2nd period - Zack Hamill is hit by David Van Der Gulik.
1:37 of 2nd period - Backhand shot by David Van Der Gulik.
1:37 of 2nd period - Stopped by Michal Neuvirth with a rebound.
1:45 of 2nd period - Snap shot by David Van Der Gulik.
1:45 of 2nd period - Deflect By Raphael Diaz.
1:45 of 2nd period - Shot Misses the Net.
1:45 of 2nd period - Puck is out of play.
1:46 of 2nd period - Matt Cullen wins face-off versus Sam Gagner in Blackdemons zone.
2:41 of 2nd period - Slapshot by Manny Malhotra.
2:41 of 2nd period - Shot Blocked by Raphael Diaz.
3:01 of 2nd period - Cal O'Reilly is hit by Curtis Brown and loses puck.
3:33 of 2nd period - Matt Cullen is hit by Radoslav Suchy and loses puck.
3:52 of 2nd period - Jeff Tambellini is hit by Barry Tallackson and loses puck.
4:19 of 2nd period - Wrist shot by Curtis Brown.
4:19 of 2nd period - Stopped by Steve Mason with a rebound.
4:21 of 2nd period - Slapshot by Jakub Kindl.
4:21 of 2nd period - Stopped by Steve Mason with a rebound.
4:23 of 2nd period - Snap shot by Karl Alzner.
4:23 of 2nd period - Shot Blocked by Jeff Friesen.
4:25 of 2nd period - Snap shot by Maxime Macenauer.
4:25 of 2nd period - Deflect By Curtis Brown.
4:25 of 2nd period - Stopped by Steve Mason with a rebound.
4:39 of 2nd period - Backhand shot by Tomas Kopecky.
4:39 of 2nd period - Shot Blocked by Josef Melichar.
4:41 of 2nd period - Slapshot by Tomas Kopecky.
4:41 of 2nd period - Stopped by Steve Mason with a rebound.
4:43 of 2nd period - Wrist shot by Tomas Kopecky.
4:43 of 2nd period - Shot Misses the Net.
5:17 of 2nd period - Snap shot by Curtis Glencross.
5:17 of 2nd period - Stopped by Steve Mason with a rebound.
5:19 of 2nd period - Slapshot by Curtis Glencross.
5:19 of 2nd period - Stopped by Steve Mason with a rebound.
6:03 of 2nd period - Andrew Ference is hit by Maxime Macenauer and loses puck.
6:53 of 2nd period - Jeff Friesen is hit by Tomas Kopecky.
7:09 of 2nd period - Alexei Zhitnik is hit by Sam Gagner.
7:32 of 2nd period - Jeff Tambellini is hit by Karl Alzner and loses puck.
7:47 of 2nd period - Andy Miele is hit by Curtis Glencross and loses puck.
8:08 of 2nd period - Wrist shot by Cal O'Reilly.
8:08 of 2nd period - Shot Blocked by Jakub Kindl.
8:11 of 2nd period - Icing by Tomas Kopecky.
8:12 of 2nd period - Michael Peca wins face-off versus Cal O'Reilly in Blackdemons zone.
8:21 of 2nd period - Snap shot by Alexei Zhitnik.
8:21 of 2nd period - Deflect By Tomas Kopecky.
8:21 of 2nd period - Stopped by Michal Neuvirth with a rebound.
8:39 of 2nd period - Snap shot by Michael Peca.
8:39 of 2nd period - Stopped by Steve Mason without a rebound.
8:40 of 2nd period - Sam Gagner wins face-off versus Matt Cullen in Carnivores zone.
8:41 of 2nd period - Wrist shot by Steve Konowalchuk.
8:41 of 2nd period - Shot Misses the Net.
8:43 of 2nd period - Slapshot by Raphael Diaz.
8:43 of 2nd period - Stopped by Steve Mason with a rebound.
8:45 of 2nd period - Slapshot by Nathan Paetsch.
8:45 of 2nd period - Shot Blocked by Blake Geoffrion.
8:47 of 2nd period - Wrist shot by Steve Konowalchuk.
8:47 of 2nd period - Shot Misses the Net.
8:51 of 2nd period - Slapshot by Steve Konowalchuk.
8:51 of 2nd period - Goal by Steve Konowalchuk - Carnivores : 1 - Blackdemons : 1.
8:52 of 2nd period - Matt Cullen wins face-off versus Sam Gagner in neutral zone.
8:57 of 2nd period - Alexei Zhitnik is hit by Enver Lisin and loses puck.
9:02 of 2nd period - Slapshot by Steve Konowalchuk.
9:02 of 2nd period - Stopped by Steve Mason with a rebound.
9:04 of 2nd period - Snap shot by Enver Lisin.
9:04 of 2nd period - Deflect By Sam Gagner.
9:04 of 2nd period - Shot Blocked by Keith Aulie.
9:04 of 2nd period - Puck is out of play.
9:05 of 2nd period - Sam Gagner wins face-off versus Blake Geoffrion in Carnivores zone.
9:10 of 2nd period - Wrist shot by Sam Gagner.
9:10 of 2nd period - Shot Blocked by Alexei Zhitnik.
9:16 of 2nd period - Slapshot by Alexei Zhitnik.
9:16 of 2nd period - Shot Misses the Net.
9:18 of 2nd period - Slapshot by Alexei Zhitnik.
9:18 of 2nd period - Stopped by Michal Neuvirth with a rebound.
9:20 of 2nd period - Wrist shot by Matt Cullen.
9:20 of 2nd period - Shot Blocked by Raphael Diaz.
9:40 of 2nd period - Minor Penalty to Mikael Backlund for Tripping.
9:41 of 2nd period - Sam Gagner wins face-off versus Matt Cullen in Carnivores zone.
9:46 of 2nd period - Snap shot by Enver Lisin.
9:46 of 2nd period - Deflect By Sam Gagner.
9:46 of 2nd period - Stopped by Steve Mason with a rebound.
9:48 of 2nd period - Slapshot by Radoslav Suchy.
9:48 of 2nd period - Shot Misses the Net.
10:06 of 2nd period - Snap shot by Barry Tallackson.
10:06 of 2nd period - Stopped by Steve Mason without a rebound.
10:07 of 2nd period - Zack Hamill wins face-off versus Manny Malhotra in Carnivores zone.
11:06 of 2nd period - Radoslav Suchy is hit by Josef Melichar.
11:40 of 2nd period - Penalty to Mikael Backlund is over, Mikael Backlund is back on ice.
12:20 of 2nd period - Slapshot by Michael Peca.
12:20 of 2nd period - Stopped by Steve Mason without a rebound.
12:21 of 2nd period - Cal O'Reilly wins face-off versus Michael Peca in Carnivores zone.
12:27 of 2nd period - Slapshot by Raphael Diaz.
12:27 of 2nd period - Stopped by Steve Mason with a rebound.
12:45 of 2nd period - Slapshot by Alexei Zhitnik.
12:45 of 2nd period - Deflect By Barry Tallackson.
12:45 of 2nd period - Stopped by Michal Neuvirth without a rebound.
12:46 of 2nd period - Sam Gagner wins face-off versus Manny Malhotra in Blackdemons zone.
12:46 of 2nd period - Sam Gagner is hit by Jeff Friesen.
12:52 of 2nd period - Bobby Sanguinetti is hit by Enver Lisin and loses puck.
13:11 of 2nd period - Curtis Glencross is hit by Cal O'Reilly and loses puck.
13:21 of 2nd period - Off-side.
13:22 of 2nd period - Sam Gagner wins face-off versus Matt Cullen in neutral zone.
13:29 of 2nd period - Wrist shot by Steve Konowalchuk.
13:29 of 2nd period - Stopped by Steve Mason without a rebound.
13:30 of 2nd period - Sam Gagner wins face-off versus Blake Geoffrion in Carnivores zone.
13:54 of 2nd period - Snap shot by Steve Konowalchuk.
13:54 of 2nd period - Stopped by Steve Mason with a rebound.
14:06 of 2nd period - Wrist shot by Andy Miele.
14:06 of 2nd period - Shot Misses the Net.
14:08 of 2nd period - Slapshot by Blake Geoffrion.
14:08 of 2nd period - Stopped by Michal Neuvirth without a rebound.
14:09 of 2nd period - Zack Hamill wins face-off versus Mikael Backlund in Blackdemons zone.
15:11 of 2nd period - Icing by Radoslav Suchy.
15:12 of 2nd period - Curtis Brown wins face-off versus Matt Cullen in Blackdemons zone.
15:20 of 2nd period - Wrist shot by Curtis Brown.
15:20 of 2nd period - Deflect By Matt Cullen.
15:20 of 2nd period - Shot Blocked by Matt Cullen.
15:20 of 2nd period - Puck is out of play.
15:21 of 2nd period - Sam Gagner wins face-off versus Matt Cullen in Carnivores zone.
15:22 of 2nd period - Slapshot by Enver Lisin.
15:22 of 2nd period - Shot Misses the Net.
15:24 of 2nd period - Snap shot by Enver Lisin.
15:24 of 2nd period - Stopped by Steve Mason with a rebound.
15:26 of 2nd period - Snap shot by Nathan Paetsch.
15:26 of 2nd period - Stopped by Steve Mason with a rebound.
15:28 of 2nd period - Snap shot by Sam Gagner.
15:28 of 2nd period - Stopped by Steve Mason with a rebound.
15:30 of 2nd period - Snap shot by Raphael Diaz.
15:30 of 2nd period - Stopped by Steve Mason without a rebound.
15:31 of 2nd period - Sam Gagner wins face-off versus Matt Cullen in Carnivores zone.
15:32 of 2nd period - Slapshot by Enver Lisin.
15:32 of 2nd period - Shot Blocked by Alexei Zhitnik.
15:47 of 2nd period - Minor Penalty to Raphael Diaz for Interference.
15:48 of 2nd period - Michael Peca wins face-off versus Matt Cullen in Blackdemons zone.
16:45 of 2nd period - Jakub Kindl is hit by Andy Miele and loses puck.
17:42 of 2nd period - Todd Fedoruk is hit by Keith Aulie and loses puck.
17:47 of 2nd period - Penalty to Raphael Diaz is over, Raphael Diaz is back on ice.
18:04 of 2nd period - Cal O'Reilly is hit by Barry Tallackson and loses puck.
18:24 of 2nd period - Bobby Sanguinetti is hit by Radoslav Suchy and loses puck.
18:35 of 2nd period - Josef Melichar is hit by Jakub Kindl.
18:53 of 2nd period - Icing by Andrew Ference.
18:54 of 2nd period - Curtis Glencross wins face-off versus Manny Malhotra in Carnivores zone.
19:09 of 2nd period - Snap shot by David Van Der Gulik.
19:09 of 2nd period - Shot Misses the Net.
19:49 of 2nd period - Backhand shot by Andy Miele.
19:49 of 2nd period - Shot Blocked by Sam Gagner.

3rd period


0:01 of 3rd period - Matt Cullen wins face-off versus Zack Hamill in neutral zone.
0:07 of 3rd period - Minor Penalty to Raphael Diaz for Holding.
0:08 of 3rd period - Matt Cullen wins face-off versus Michael Peca in Blackdemons zone.
0:09 of 3rd period - Slapshot by Alexei Zhitnik.
0:09 of 3rd period - Deflect By Andy Miele.
0:09 of 3rd period - Shot Misses the Net.
0:09 of 3rd period - Puck is out of play.
0:10 of 3rd period - Michael Peca wins face-off versus Matt Cullen in Blackdemons zone.
0:10 of 3rd period - Michael Peca is hit by Blake Geoffrion.
0:43 of 3rd period - Wrist shot by Michael Peca.
0:43 of 3rd period - Stopped by Steve Mason with a rebound.
0:52 of 3rd period - Off-side.
0:53 of 3rd period - Curtis Brown wins face-off versus Mikael Backlund in neutral zone.
1:00 of 3rd period - Wrist shot by Steve Konowalchuk.
1:00 of 3rd period - Stopped by Steve Mason without a rebound.
1:01 of 3rd period - Mikael Backlund wins face-off versus Michael Peca in Carnivores zone.
1:10 of 3rd period - Snap shot by Mikael Backlund.
1:10 of 3rd period - Deflect By Evgeny Dadonov.
1:10 of 3rd period - Stopped by Michal Neuvirth with a rebound.
1:12 of 3rd period - Slapshot by Jeff Tambellini.
1:12 of 3rd period - Stopped by Michal Neuvirth without a rebound.
1:13 of 3rd period - Matt Cullen wins face-off versus Michael Peca in Blackdemons zone.
1:14 of 3rd period - Wrist shot by Andy Miele.
1:14 of 3rd period - Goal by Andy Miele - Carnivores : 2 - Blackdemons : 1.
1:15 of 3rd period - Matt Cullen wins face-off versus Zack Hamill in neutral zone.
1:22 of 3rd period - Snap shot by Matt Cullen.
1:22 of 3rd period - Stopped by Michal Neuvirth without a rebound.
1:23 of 3rd period - Matt Cullen wins face-off versus Zack Hamill in Blackdemons zone.
1:29 of 3rd period - Minor Penalty to Barry Tallackson for High sticking.
1:30 of 3rd period - Michael Peca wins face-off versus Matt Cullen in Blackdemons zone.
1:41 of 3rd period - Slapshot by Matt Cullen.
1:41 of 3rd period - Shot Misses the Net.
1:43 of 3rd period - Snap shot by Matt Cullen.
1:43 of 3rd period - Deflect By Tomas Kopecky.
1:43 of 3rd period - Shot Misses the Net.
1:43 of 3rd period - Puck is out of play.
1:44 of 3rd period - Blake Geoffrion wins face-off versus Curtis Brown in Blackdemons zone.
1:47 of 3rd period - Slapshot by Alexei Zhitnik.
1:47 of 3rd period - Shot Misses the Net.
1:49 of 3rd period - Slapshot by Alexei Zhitnik.
1:49 of 3rd period - Shot Blocked by Nathan Paetsch.
1:57 of 3rd period - Slapshot by Andy Miele.
1:57 of 3rd period - Shot Misses the Net.
1:59 of 3rd period - Snap shot by Andy Miele.
1:59 of 3rd period - Shot Blocked by Curtis Brown.
3:29 of 3rd period - Penalty to Barry Tallackson is over, Barry Tallackson is back on ice.
3:43 of 3rd period - Radoslav Suchy is hit by Jeff Friesen and loses puck.
4:03 of 3rd period - Phil Oreskovic is hit by Frazer Mclaren and loses puck.
4:10 of 3rd period - Curtis Brown is hit by Keith Aulie and loses puck.
4:20 of 3rd period - Icing by Manny Malhotra.
4:21 of 3rd period - Cal O'Reilly wins face-off versus Sam Gagner in Carnivores zone.
4:26 of 3rd period - Steve Konowalchuk is hit by Jeremy Welsh and loses puck.
4:31 of 3rd period - Snap shot by Cal O'Reilly.
4:31 of 3rd period - Stopped by Michal Neuvirth with a rebound.
4:33 of 3rd period - Backhand shot by Andrew Ference.
4:33 of 3rd period - Deflect By Cal O'Reilly.
4:33 of 3rd period - Stopped by Michal Neuvirth with a rebound.
4:35 of 3rd period - Slapshot by Phil Oreskovic.
4:35 of 3rd period - Shot Misses the Net.
4:37 of 3rd period - Snap shot by Chris Lawrence.
4:37 of 3rd period - Shot Blocked by Karl Alzner.
5:15 of 3rd period - Snap shot by Jeff Tambellini.
5:15 of 3rd period - Shot Blocked by Michael Peca.
5:17 of 3rd period - Backhand shot by Phil Oreskovic.
5:17 of 3rd period - Stopped by Michal Neuvirth with a rebound.
5:48 of 3rd period - Nikita Nikitin is hit by Blake Geoffrion and loses puck.
6:09 of 3rd period - Snap shot by Jeff Friesen.
6:09 of 3rd period - Shot Misses the Net.
7:13 of 3rd period - Andy Miele is hit by Curtis Brown and loses puck.
7:31 of 3rd period - Wrist shot by Jeff Friesen.
7:31 of 3rd period - Shot Misses the Net.
7:33 of 3rd period - Snap shot by Manny Malhotra.
7:33 of 3rd period - Deflect By Jeff Friesen.
7:33 of 3rd period - Stopped by Michal Neuvirth with a rebound.
7:45 of 3rd period - Phil Oreskovic is hit by Todd Fedoruk.
7:50 of 3rd period - Minor Penalty to Jeff Tambellini for Tripping.
7:51 of 3rd period - Manny Malhotra wins face-off versus Zack Hamill in Carnivores zone.
7:56 of 3rd period - Slapshot by Andrew Ference.
7:56 of 3rd period - Shot Blocked by Nikita Nikitin.
7:58 of 3rd period - Snap shot by Manny Malhotra.
7:58 of 3rd period - Stopped by Michal Neuvirth with a rebound.
8:00 of 3rd period - Slapshot by Andrew Ference.
8:00 of 3rd period - Shot Blocked by Nikita Nikitin.
8:02 of 3rd period - Slapshot by Phil Oreskovic.
8:02 of 3rd period - Shot Misses the Net.
8:04 of 3rd period - Slapshot by Phil Oreskovic.
8:04 of 3rd period - Stopped by Michal Neuvirth without a rebound.
8:05 of 3rd period - Sam Gagner wins face-off versus Matt Cullen in Blackdemons zone.
8:38 of 3rd period - Slapshot by Nathan Paetsch.
8:38 of 3rd period - Deflect By Curtis Glencross.
8:38 of 3rd period - Shot Blocked by Josef Melichar.
8:38 of 3rd period - Puck is out of play.
8:39 of 3rd period - Sam Gagner wins face-off versus Manny Malhotra in Carnivores zone.
9:50 of 3rd period - Penalty to Jeff Tambellini is over, Jeff Tambellini is back on ice.
9:53 of 3rd period - Icing by Manny Malhotra.
9:54 of 3rd period - Mikael Backlund wins face-off versus Curtis Brown in Carnivores zone.
10:04 of 3rd period - Slapshot by Alexei Zhitnik.
10:04 of 3rd period - Shot Blocked by Jakub Kindl.
10:06 of 3rd period - Wrist shot by Jeff Tambellini.
10:06 of 3rd period - Stopped by Michal Neuvirth with a rebound.
10:08 of 3rd period - Snap shot by Jeff Tambellini.
10:08 of 3rd period - Shot Misses the Net.
10:29 of 3rd period - Wrist shot by Matt Cullen.
10:29 of 3rd period - Shot Misses the Net.
10:55 of 3rd period - Icing by Raphael Diaz.
10:56 of 3rd period - Mikael Backlund wins face-off versus Enver Lisin in Blackdemons zone.
10:57 of 3rd period - Wrist shot by Jeff Tambellini.
10:57 of 3rd period - Stopped by Michal Neuvirth without a rebound.
10:58 of 3rd period - Mikael Backlund wins face-off versus Zack Hamill in Blackdemons zone.
11:04 of 3rd period - Icing by Raphael Diaz.
11:05 of 3rd period - Mikael Backlund wins face-off versus Zack Hamill in Blackdemons zone.
11:10 of 3rd period - Snap shot by Jeff Tambellini.
11:10 of 3rd period - Stopped by Michal Neuvirth with a rebound.
11:47 of 3rd period - Minor Penalty to Keith Aulie for Holding.
11:48 of 3rd period - Manny Malhotra wins face-off versus Enver Lisin in Carnivores zone.
13:15 of 3rd period - Nathan Paetsch is hit by Andy Miele and loses puck.
13:47 of 3rd period - Penalty to Keith Aulie is over, Keith Aulie is back on ice.
13:50 of 3rd period - Raphael Diaz is hit by Keith Aulie and loses puck.
15:30 of 3rd period - Sam Gagner is hit by Bobby Sanguinetti and loses puck.
16:24 of 3rd period - Manny Malhotra is hit by Tomas Kopecky and loses puck.
16:37 of 3rd period - Sam Gagner is hit by Alexei Zhitnik and loses puck.
17:51 of 3rd period - Steve Konowalchuk is hit by Andrew Ference and loses puck.
18:06 of 3rd period - Jeremy Welsh is hit by Tomas Kopecky and loses puck.
18:17 of 3rd period - Raphael Diaz is hit by Blake Geoffrion.
18:21 of 3rd period - Sam Gagner is hit by Matt Cullen and loses puck.
19:06 of 3rd period - Blackdemons, Michal Neuvirth is pulled from the net.
19:26 of 3rd period - Wrist shot by Todd Fedoruk.
19:26 of 3rd period - Stopped by Steve Mason with a rebound.
19:28 of 3rd period - Slapshot by Karl Alzner.
19:28 of 3rd period - Stopped by Steve Mason without a rebound.
19:29 of 3rd period - Guy Boucher call a timeout for Blackdemons.
19:29 of 3rd period - Maxime Macenauer wins face-off versus Matt Cullen in Carnivores zone.
19:29 of 3rd period - Minor Penalty to Maxime Macenauer for Hooking.
19:30 of 3rd period - Michal Neuvirth from Blackdemons was sent back in the game.
19:30 of 3rd period - Matt Cullen wins face-off versus Michael Peca in Blackdemons zone.
19:34 of 3rd period - Minor Penalty to Michael Peca for Roughing.
19:35 of 3rd period - Curtis Glencross wins face-off versus Matt Cullen in Blackdemons zone.


Output by the SimonT Hockey Simulator (STHS) for François Prévost -- Original Page W3C XHTML 1.0 Valid
Hockey Simulator - Hockey Simulation - Hockey Manager